 Dungeon Crawl Stone Soup version 0.25-b1-37-g2669288c55 (webtiles) character file.

Game seed: 17110160601826389977

89 diana the Skirmisher (level 4, -11/37 HPs)
             Began as a Demonspawn Fighter on June 6, 2020.
             Killed by divine providence
             ... invoked by an orc priest
              (15 damage)
             ... on level 3 of the Dungeon.
             The game lasted 00:03:30 (2412 turns).

diana the Skirmisher (Demonspawn Fighter)           Turns: 2412, Time: 00:03:31

Health: -11/37     AC:  6    Str: 18    XL:     4   Next: 31%
Magic:  4/4        EV:  7    Int:  9    God:
Gold:   92         SH:  9    Dex: 12    Spells: 3/3 levels left

rFire    . . .     SeeInvis .   a - +0 flail
rCold    . . .     Gourm    .   c - +0 kite shield
rNeg     . . .     Faith    .   b - +0 scale mail
rPois    .         Spirit   .   (no helmet)
rElec    .         Reflect  .   (no cloak)
rCorr    .         Harm     .   (no gloves)
MR       .....                  (no boots)
Stlth    ..........             (no amulet)
HPRegen  0.12/turn              (no ring)
MPRegen  0.09/turn              (no ring)

@: no status effects
A: demonic guardian 1, spiny 1
a: no special abilities


You were on level 3 of the Dungeon.
You were not hungry.

You visited 1 branch of the dungeon, and saw 3 of its levels.

You collected 92 gold pieces.

Inventory:

Hand Weapons
 a - a +0 flail (weapon)
Armour
 b - a +0 scale mail (worn)
 c - a +0 kite shield (worn)
Jewellery
 g - an uncursed amulet of reflection {unknown}
Wands
 m - a wand of polymorph (10)
Scrolls
 e - 4 scrolls of identify {unknown}
 h - a scroll of blinking {unknown}
 n - a scroll of teleportation {unknown}
 o - a scroll of fear {unknown}
 p - 2 scrolls of remove curse {unknown}
Potions
 d - a potion of might
 i - a potion of heal wounds {unknown}
 j - a potion of curing {unknown}
 l - a potion of flight {unknown}
Comestibles
 f - 5 rations
 k - 4 chunks of flesh


   Skills:
 + Level 3.6 Fighting
 + Level 2.5 Maces & Flails
 + Level 3.2 Armour
 + Level 3.3 Shields


You had 3 spell levels left.
You didn't know any spells.
Your spell library was empty.

Dungeon Overview and Level Annotations

Branches:
Dungeon (3/15)

Altars:


Innate Abilities, Weirdness & Mutations

A weak demonic guardian rushes to your aid.
You are partially covered in sharp spines.


Message History

You are too injured to fight recklessly!
You are too injured to fight recklessly!
Your quasit bites the orc priest.
Your quasit claws the orc priest but does no damage.
Your quasit claws the orc priest.
Your quasit bites the orc priest.
Your quasit claws the orc priest but does no damage.
Your quasit claws the orc priest.
Your quasit bites the orc priest.
Your quasit claws the orc priest. x2
The orc priest mumbles some strange prayers to Beogh against you.
Beogh smites you!
* * * LOW HITPOINT WARNING * * *
Something hits your quasit!
Your quasit barely misses the orc priest.
Your quasit misses the orc priest.
Your quasit closely misses the orc priest.
There is an escape hatch in the ceiling here.
You can't go down here!
The orc priest calls down the wrath of Beogh upon you.
Beogh smites you!
You die...

#......# #......#........#
#......#........#
#......#........#
####......#.........
...................
#................
#.#@............#
#.#.####..##########
#########.#.#...............
..........#5#...............
......).).o[................
.....?..5.#†.......#####.###
..........########)#####.###
..........# #....).......##.
..........# #>...........##.


You could see an orc priest and a friendly quasit (summoned).

Vanquished Creatures
  2 adders
  A worm (D:2)
  A dart slug (D:3)
  A leopard gecko (D:1)
  3 orcs (D:3)
  A ball python (D:1)
  8 hobgoblins
  7 jackals
  A quokka (D:2)
  11 bats
  2 goblins
  A kobold (D:1)
  6 rats
45 creatures vanquished.

Vanquished Creatures (collateral kills)
  Jessica (D:3)
1 creature vanquished.

Grand Total: 46 creatures vanquished

Notes
Turn   | Place    | Note
-------+----------+-------------------------------------------
     0 | D:1      | diana the Demonspawn Fighter began the quest for the Orb.
     0 | D:1      | Reached XP level 1. HP: 18/18 MP: 1/1
   271 | D:1      | Gained mutation: A weak demonic guardian rushes to your
                  | aid. [demonic ancestry]
   271 | D:1      | Reached XP level 2. HP: 24/24 MP: 2/2
  1591 | D:2      | Gained mutation: You are partially covered in sharp spines.
                  | [demonic ancestry]
  1591 | D:2      | Reached XP level 3. HP: 26/29 MP: 3/3
  2171 | D:3      | Noticed Jessica
  2178 | D:3      | Killed Jessica
  2216 | D:3      | Reached XP level 4. HP: 36/36 MP: 4/4
  2412 | D:3      | Killed from afar by an orc priest

Illustrated notes

Levels and vault maps discovered:
D:1:      moated_graveyard_arrival, layout_loops_corners, minivault_24,
          dk_noncrumbling_4
D:2:      layout_basic, first_ration, chequers_serial_rivers_small_b,
          minmay_misc_feat_cross, minmay_misc_feat_four_crosses
D:3:      layout_basic, lemuel_round_altar,
          chequers_ecumenical_altar_simple_redux, minmay_misc_feat_tiny,
          uniq_grinder, uniq_jessica, uniq_terence

Skill      XL: |  1  2 |
---------------+-------+-----
Maces & Flails | 2 |  2.5
Shields        | 3 |  3.3
Armour         | 3 |  3.2
Fighting       | |  3.6

Action                   |  1- 3 |  4- 6 || total
-------------------------+-------+-------++-------
Melee: Flail             |   109 |    30 ||   139
       Unarmed           |     3 |       ||     3
  Eat: Chunk             |     4 |     1 ||     5
Armor: Scale mail        |    42 |    12 ||    54
Dodge: Dodged            |    33 |    10 ||    43
Block: Kite shield       |    59 |    16 ||    75
